 Dungeon Crawl Stone Soup version 0.29.1-12-g30fa7ad0bf (webtiles) character file.

Game seed: 9736409724096321518

532 kingofthe the Trooper (level 7, -5/62 HPs)
             Began as a Minotaur Fighter on Jan 17, 2023.
             Slain by a mummy (10 damage)
             ... in an ossuary.
             The game lasted 00:07:23 (3358 turns).

kingofthe the Trooper (Minotaur Fighter)            Turns: 3358, Time: 00:07:23

Health: -5/62      AC:  7    Str: 23 (25) XL:     7   Next: 4%
Magic:  6/6        EV: 10    Int:  2 (4)  God:
Gold:   154        SH:  5    Dex:  9 (10) Spells: 6/6 levels left

rFire   + . .      SeeInvis .   a - +0 trident
rCold   + . .      Faith    .   c - +0 buckler
rNeg    + . .      Spirit   .   b - +0 scale mail
rPois   +          Reflect  .   (helmet restricted)
rElec   +          Harm     .   (no cloak)
rCorr   +          Rampage  .   (no gloves)
Will    +....                   (no boots)
Stlth   ..........              q - amulet of magic regeneration
HPRegen 0.20/turn               v - ring of positive energy
MPRegen 0.50/turn               (no ring)

@: resistant
A: horns 2, retaliatory headbutt, talons 1, strong-willed 1, strong 1
a: no special abilities


You were in an ossuary.
You visited 1 branch of the dungeon, and saw 4 of its levels.
You also visited: Ossuary.

You collected 154 gold pieces.

Inventory:

Hand Weapons
 a - a +0 trident (weapon)
Missiles
 y - 20 stones (quivered)
Armour
 b - a +0 scale mail (worn)
 c - a +0 buckler (worn)
 x - the +2 leather armour of Tykommiv {Contam rF- Str+5}
   (You found it on level 3 of the Dungeon)

   Str:       It affects your strength (+5).
   rF:        It makes you vulnerable to fire.
   Contam:    It causes magical contamination when unequipped.
Jewellery
 q - an amulet of magic regeneration (around neck)
 v - a ring of positive energy (left hand)
Scrolls
 f - 4 scrolls of identify {unknown}
 j - a scroll of enchant weapon {unknown}
 m - a scroll of amnesia {unknown}
 o - 3 scrolls of teleportation {unknown}
 p - a scroll of enchant armour {unknown}
 r - a scroll of summoning {unknown}
 t - a scroll of poison {unknown}
 u - a scroll of silence {unknown}
Potions
 d - a potion of might
 g - a potion of haste {unknown}
 h - a potion of mutation
 i - a potion of heal wounds {unknown}
 k - a potion of curing {unknown}
 l - a potion of attraction {unknown}
 n - a potion of berserk rage {unknown}
 s - a potion of resistance
 w - a potion of experience {unknown}
 z - a potion of lignification {unknown}


   Skills:
 + Level 5.7 Fighting
 + Level 4.9 Polearms
 - Level 4.0 Armour
 + Level 3.7 Dodging
 + Level 5.7 Shields


You had 6 spell levels left.
You didn't know any spells.
Your spell library contained the following spells:

 Spells                   Type           Power      Damage    Failure   Level
 Gell's Gravitas          Tloc           0%         N/A       99%         3
 Teleport Other           Tloc           0%         N/A       99%         3
 Passage of Golubria      Tloc           0%         N/A       100%        4
 Silence                  Hex/Air        0%         N/A       100%        5
 Dispersal                Tloc           0%         N/A       100%        6
 Lehudib's Crystal Spear  Conj/Erth      0%         10d2      100%        8


Dungeon Overview and Level Annotations

Branches:
Dungeon (4/15)            Ossuary (1/1)
 Temple: D:4-7

Altars:
Vehumet


Innate Abilities, Weirdness & Mutations

You have a pair of horns on your head.
You reflexively headbutt those who attack you in melee.
You have sharp toenails.
You are strong-willed. (Will+)
Your muscles are strong. (Str +4, Int/Dex -1)


Message History

You barely miss the mummy. You claw the mummy, but do no damage.
You headbutt the mummy!
You destroy the mummy!
The mummy barely misses you.
You have reached level 7!
You hit the mummy. You headbutt the mummy.
You destroy the mummy!
You hit the gnoll zombie.
The gnoll zombie is severely damaged.
The gnoll zombie closely misses you. You furiously retaliate!
You headbutt the gnoll zombie.
You destroy the gnoll zombie!
You completely miss the mummy. You headbutt the mummy.
The mummy is lightly damaged.
The mummy hits you!
* * * LOW HITPOINT WARNING * * *
Unknown command.
You barely miss the mummy. You claw the mummy.
The mummy is lightly damaged.
You hit the mummy.
The mummy is moderately damaged.
The mummy misses you.
You hit the mummy. You claw the mummy.
The mummy is heavily damaged.
The mummy hits you but does no damage.
You barely miss the mummy. You claw the mummy.
The mummy is almost destroyed.
You block the mummy's attack.
You barely miss the mummy. You claw the mummy, but do no damage.
Your headbutt misses the mummy.
The mummy is almost destroyed.
It was a potion of degeneration.
There was something very wrong with that liquid.
You feel weakened.
You feel dopey.
You feel clumsy. The mummy hits you.
* * * LOW HITPOINT WARNING * * *
You hit the mummy.
The mummy is almost destroyed.
The mummy hits you!
You die...

##......
##......#### ..
#......##..## ....
#.....##....##....
#............M....
##.ZZ.....M.......
##ZZ..Z.........
#M##........#
#@.##......##
#....##.Z..##
#!.....#....#
#$.!....#....#
#$!!....#....#
#$$.....#....#
##$!!...#....#
#$$!..##....#
#....#


You could see a mummy, 2 hobgoblin zombies and 2 orc zombies.

Vanquished Creatures
  Grinder (D:3)
  A sky beast (D:3)
  An orc priest (D:3)
  Terence (D:2)
  6 mummies (Ossuary)
  A gnoll (D:4)
  2 adders
  4 worms
  3 dart slugs
  6 orcs (D:3)
  8 ball pythons
  6 bats
  4 endoplasms
  A giant cockroach (D:3)
  5 goblins
  4 hobgoblins
  3 kobolds
  3 quokkas
  3 frilled lizards
  A gnoll zombie (Ossuary)
  A kobold zombie (Ossuary)
  4 rats
69 creatures vanquished.

Notes
Turn   | Place    | Note
-------+----------+-------------------------------------------
     0 | D:1      | kingofthe the Minotaur Fighter began the quest for the Orb.
     0 | D:1      | Reached XP level 1. HP: 19/19 MP: 0/0
   131 | D:1      | Reached XP level 2. HP: 21/27 MP: 1/1
   332 | D:1      | Found a faded altar of an unknown god.
   399 | D:1      | Reached skill level 1 in Dodging
   762 | D:2      | Reached XP level 3. HP: 29/33 MP: 2/2
  1446 | D:2      | Noticed Terence
  1453 | D:2      | Killed Terence
  1454 | D:2      | Reached XP level 4. HP: 33/41 MP: 3/3
  1925 | D:3      | Identified the +2 leather armour of Tykommiv {Contam rF-
                  | Str+5}
  1964 | D:3      | Noticed Grinder
  1976 | D:3      | Killed Grinder
  1977 | D:3      | Reached skill level 5 in Fighting
  1977 | D:3      | Reached skill level 5 in Shields
  1977 | D:3      | Reached XP level 5. HP: 15/48 MP: 4/4
  1977 | D:3      | Reached XP level 6. HP: 17/56 MP: 5/5
  2754 | D:4      | Found a radiant altar of Vehumet.
  2778 | D:4      | Noticed a sky beast
  2908 | D:3      | Killed a sky beast
  3287 | D:4      | Found a sand-covered staircase.
  3294 | Ossuary  | Entered an ossuary
  3345 | Ossuary  | Gained mutation: You have sharp toenails. [potion of
                  | mutation]
  3345 | Ossuary  | Gained mutation: Your muscles are strong. (Str +4, Int/Dex
                  | -1) [potion of mutation]
  3345 | Ossuary  | Gained mutation: You are strong-willed. (Will+) [potion of
                  | mutation]
  3349 | Ossuary  | Reached XP level 7. HP: 17/62 MP: 6/6
  3358 | Ossuary  | Slain by a mummy

Illustrated notes

Levels and vault maps discovered:
D:1:      minmay_arrival_cross, layout_basic, dreamdust_ecumenical_altar_grove,
          chequers_serial_rivers_micro_c
D:2:      layout_loops_ring, uniq_terence
D:3:      layout_basic, uniq_grinder
D:4:      layout_cave_pools, nicolae_vehumet_altar_sigil,
          chequers_ossuary_entry_cave
Ossuary:  ossuary_tomb_3

Skill      XL: |  1  2  3  4 |
---------------+-------------+-----
Dodging        | 1 3 |  3.7
Armour         | 4 |  4.0
Shields        | 4 5 |  5.7
Fighting       | 4 5 |  5.7
Polearms       | 3 4 |  4.9

Action                   |  1- 3 |  4- 6 |  7- 9 || total
-------------------------+-------+-------+-------++-------
Melee: Trident           |   104 |   102 |     9 ||   215
       Headbutt          |    12 |    17 |     2 ||    31
       Kick              |       |     1 |     4 ||     5
  Use: Potion            |       |     2 |     1 ||     3
Armor: Scale mail        |    24 |    45 |     1 ||    70
Dodge: Dodged            |    28 |    39 |     2 ||    69
Block: Buckler           |    13 |    18 |     1 ||    32
